 Dungeon Crawl Stone Soup version 0.21.1-1-g345015f (webtiles) character file.

116 shakethe the Poker (level 5, -4/41 HPs)
             Began as a Merfolk Gladiator on Feb 23, 2018.
             Killed by divine providence
             ... invoked by an orc priest
              (13 damage)
             ... on level 3 of the Dungeon.
             The game lasted 00:02:42 (1773 turns).

shakethe the Poker (Merfolk Gladiator)              Turns: 1773, Time: 00:02:43

Health: -4/41      AC:  4    Str: 14    XL:     5   Next: 0%
Magic:  5/5        EV: 15    Int:  8    God:
Gold:   126        SH:  0    Dex: 16    Spells: 4/4 levels left

rFire    . . .     SeeInvis .   a - +0 trident
rCold    . . .     Gourm    .   (no shield)
rNeg     . . .     Faith    .   b - +0 leather armour
rPois    .         Spirit   .   c - +0 helmet
rElec    .         Reflect  .   (no cloak)
rCorr    .         Harm     .   (no gloves)
MR       .....                  (no boots)
Stlth    +.........             (no amulet)
HPRegen  0.13/turn              (no ring)
MPRegen  0.09/turn              (no ring)

@: lethally poisoned (-4 -> -6)
A: change form in water, swift swim, stealthy swim
a: no special abilities


You were on level 3 of the Dungeon.
You were hungry.

You visited 1 branch of the dungeon, and saw 3 of its levels.

You collected 126 gold pieces.

Inventory:

Hand Weapons
 a - a +0 trident (weapon)
Missiles
 d - 3 throwing nets {=f, !d}
Armour
 b - a +0 leather armour (worn)
 c - a +0 helmet (worn)
Jewellery
 i - a +5 amulet of reflection {unknown}
   (You found it on level 1 of the Dungeon)
Scrolls
 g - a scroll of remove curse {unknown}
 h - 2 scrolls of amnesia {unknown}
 j - a scroll of immolation {unknown}
 k - a scroll of identify {unknown}
 m - a scroll of teleportation {unknown}
 n - a scroll of enchant armour {unknown}
Potions
 e - a potion of resistance {unknown}
 l - a potion of brilliance {unknown}
Comestibles
 f - 8 rations


   Skills:
 + Level 3.6 Fighting
 + Level 5.8 Polearms
 - Level 2.0 Throwing
 + Level 5.3 Dodging


You had 4 spell levels left.
You didn't know any spells.

Dungeon Overview and Level Annotations

Branches:
Dungeon (3/15)

Altars:
Ashenzari
Makhleb
Wu Jian


Message History

You puncture the hobgoblin!
You kill the hobgoblin!
No target in view!
Health restored: 36
There is a stone staircase leading down here.
There is a stone staircase leading down here.
Things that are here:
a club; a hobgoblin corpse No target in view!
No target in view!
Found a stone staircase leading up.
No target in view!
No target in view!
No target in view!
Things that are here:
a club; a hobgoblin corpse A goblin comes into view.
The goblin shouts!
You completely miss the goblin. The goblin barely misses you.
You hit the goblin. The goblin barely misses you.
You hit the goblin.
You kill the goblin!
You have reached level 5!
You feel agile.
Health restored: 41; MP restored: 5 You are feeling hungry.
No target in view!
No target in view!
No target in view!
You see here 15 poisoned needles.
Things that are here:
a club; a hobgoblin skeleton Done exploring.
No target in view!
No target in view!
No target in view!
No target in view!
No target in view!
No target in view!
No target in view!
No target in view!
Done exploring.
No target in view!
Done exploring.
Done exploring.
Done exploring.
(D) Dungeon
Where to? (Enter - D:2, ? - help)
There is a stone staircase leading down here.
You climb downwards.
There is a stone staircase leading up here.
You now have 126 gold pieces (gained 4).
A kobold comes into view.
The kobold shouts!
You hear a shout!
The kobold throws a stone.
The stone hits you but does no damage.
Things that are here:
a stone; 11 gold pieces You barely miss the kobold.
The kobold hits you.
You take 1 damage, and have 40/41 hp.
You barely miss the kobold. The kobold misses you.
An orc priest comes into view. It is wielding a dagger.
You closely miss the kobold. The kobold hits you but does no damage.
You hit the kobold.
You kill the kobold!
An adder and an orc priest come into view.
The orc priest miscasts a cantrip.
An orc wizard comes into view. It is wielding a dagger.
The adder hisses angrily.
You hear a shout! x2
A kobold and an orc wizard come into view.
The orc wizard is wielding a dagger of freezing.
You barely miss the orc priest. The orc priest closely misses you.
There are monsters nearby!
You hit the orc priest. The adder misses you.
The orc priest hits you but does no damage.
Health restored: 41 You hit the orc priest.
The adder barely misses you.
The kobold throws a stone.
The stone hits you but does no damage. The orc priest barely misses you.
The adder closely misses you.
You hit the orc priest but do no damage.
The adder bites you.
You are poisoned.
The adder poisons you!
The orc wizard mumbles some strange words.
The orc wizard blinks!
The orc priest mumbles some strange prayers to Beogh against you.
Pain shoots through your body!
The orc priest mumbles some strange prayers to Beogh against you.
Beogh smites you!
* * * LOW HITPOINT WARNING * * *
An adder comes into view.
The adder hisses angrily.
You are too injured to fight recklessly!
You take 31 damage, and have 10/41 hp.
MASSIVE DAMAGE!!
You feel sick. The orc wizard casts a spell at you.
You resist with some effort.
The orc priest invokes the aid of Beogh against you.
Beogh smites you!
You die...

###### #########
......########...o..S.
...........(.@.o.K....
#####..#####.S.o.§...
#..## #.o.......
#######..≈##########...
........≈....... ..
#######<.≈.≈.≈.≈
#.≈....... #..≈######
.....#


You could see 2 orc priests, 2 orc wizards, 2 adders and a kobold.

Vanquished Creatures
  A worker ant (D:2)
  A gnoll (D:1)
  2 adders (D:2)
  3 worms (D:2)
  3 dart slugs
  A leopard gecko (D:2)
  8 bats
  3 giant cockroaches
  6 goblins
  7 hobgoblins
  A jackal (D:2)
  A ball python (D:2)
  A frilled lizard (D:1)
  5 kobolds
  9 rats
52 creatures vanquished.

Notes
Turn   | Place    | Note
-------+----------+-------------------------------------------
     0 | D:1      | shakethe the Merfolk Gladiator began the quest for the Orb.
     0 | D:1      | Reached XP level 1. HP: 16/16 MP: 1/1
    88 | D:1      | Reached XP level 2. HP: 22/23 MP: 2/2
   132 | D:1      | Reached skill level 5 in Polearms
   132 | D:1      | Reached XP level 3. HP: 28/28 MP: 3/3
   532 | D:2      | Reached skill level 3 in Fighting
   764 | D:2      | Reached XP level 4. HP: 28/35 MP: 4/4
   793 | D:2      | Reached skill level 5 in Dodging
  1246 | D:2      | Found an ornate altar of the Wu Jian Council.
  1251 | D:2      | Found a burning altar of Makhleb.
  1251 | D:2      | Found a shattered altar of Ashenzari.
  1552 | D:2      | Reached XP level 5. HP: 41/41 MP: 5/5
  1772 | D:3      | HP: 10/41 [orc priest/divine providence (15)]
  1773 | D:3      | Killed from afar by an orc priest

Skill      XL: |  1  2  3  4 |
---------------+-------------+-----
Polearms       | 5 |  5.8
Fighting       | 3 |  3.6
Dodging        | 5 |  5.3
Throwing       | |  2.0

Action                   |  1- 3 |  4- 6 || total
-------------------------+-------+-------++-------
Melee: Trident           |    94 |    90 ||   184
 Stab: Sleeping          |       |     3 ||     3
  Eat: Chunk             |       |     2 ||     2
Armor: Leather armour    |    17 |    26 ||    43
Dodge: Dodged            |    54 |    68 ||   122

Vault maps used:
D:1:      dpeg_arrival_refuge, st_stairs_13, hangedman_decor_push
D:2:      mumra_celtic_spiral_tile, grunt_temple_overflow_open, st_stairs_5
D:3:      lemuel_zombie_altar_yredelemnul, nicolae_ru_path_of_blood

Table legend:
 A = Turns spent in this place as a percentage of turns spent in the entire game.
 B = Non-inter-level travel turns spent in this place as a percentage of non-inter-level travel turns spent in the entire game.
 C = Inter-level travel turns spent in this place as a percentage of turns spent in this place.
 D = Turns resting spent in this place as a percentage of non-inter-level travel turns spent in this place.
 E = Turns spent auto-exploring this place as a percentage of non-inter-level travel turns spent in this place.
 F = Non-inter-level travel turns spent in this place divided by the number of levels of this place that you've seen.
                   A       B       C       D       E      F
               +-------+-------+-------+-------+-------+----------------------
         Total | 100.0 | 100.0 |   1.0 |  11.2 |  67.5 | 585.0
       Dungeon | 100.0 | 100.0 |   1.0 |  11.2 |  67.5 | 585.0
               +-------+-------+-------+-------+-------+----------------------

Table legend:
 A = Kills in this place as a percentage of kills in entire the game.
 B = Kills by you in this place as a percentage of kills by you in the entire game.
 C = Kills by friends in this place as a percentage of kills by friends in the entire game.
 D = Other kills in this place as a percentage of other kills in the entire game.
 E = Experience gained in this place as a percentage of experience gained in the entire game.
 F = Experience gained in this place divided by the number of levels of this place that you have seen.
                   A       B       C       D       E      F
               +-------+-------+-------+-------+-------+----------------------
         Total | 100.0 | 100.0 |   N/A |   N/A | 100.0 |  55.3
       Dungeon | 100.0 | 100.0 |   N/A |   N/A | 100.0 |  55.3
               +-------+-------+-------+-------+-------+----------------------
